 Dungeon Crawl Stone Soup version 0.18-a0-1045-g4e042de (webtiles) character file.

245 Scytalen the Insei (level 6, 33/43 HPs)
             Began as a Merfolk Transmuter on Jan 11, 2016.
             Was a Follower of Ashenzari.
             Quit the game on level 2 of the Dungeon.
             The game lasted 00:18:39 (4900 turns).

Scytalen the Insei (Merfolk Transmuter)             Turns: 4900, Time: 00:18:40

Health: 33/43      AC:  4    Str: 10    XL:     6   Next: 10%
Magic:  9/9        EV: 13    Int: 14    God:    Ashenzari [*.....]
Gold:   102        SH:  0    Dex: 15    Spells: 3 memorised, 2 levels left

rFire  . . .     SeeInvis .       - Unarmed
rCold  . . .     Gourm    .     b - +0 robe
rNeg   . . .     Faith    .     (no shield)
rPois  .         Spirit   .     B - +0 helmet
rElec  .         Dismiss  .     (no cloak)
rCorr  .         Reflect  .     (no gloves)
SustAt .         Harm     .     r - +0 pair of boots
MR     +....                    (no amulet)
Stlth  +.........               (no ring)
                                x - ring of protection from magic

@: somewhat resistant to hostile enchantments, very unstealthy
A: change form in water, swift swim
a: Scrying, Renounce Religion


You were on level 2 of the Dungeon.
You worshipped Ashenzari.
Ashenzari was aware of your devotion.
You were not hungry.

You visited 1 branch of the dungeon, and saw 3 of its levels.

You collected 102 gold pieces.

Inventory:

Hand Weapons
 s - a +1 hunting sling
 v - a +0 dagger
Missiles
 a - 47 arrows
 f - 132 stones (quivered)
 h - 41 sling bullets
 k - a throwing net
Armour
 b - a +0 robe (worn)
 r - a +0 pair of boots (worn)
 B - a +0 helmet (worn)
Jewellery
 x - a ring of protection from magic (left hand)
Wands
 y - a wand of slowing (28/48)
Scrolls
 i - a scroll of blinking {unknown}
 l - a scroll of recharging {unknown}
 o - a scroll of remove curse
 p - 3 scrolls of enchant weapon
 z - a scroll of magic mapping {unknown}
 A - a scroll of fog {unknown}
 C - a scroll of curse armour
 D - 2 scrolls of curse weapon
Potions
 e - a potion of mutation {unknown}
 g - a potion of heal wounds {unknown}
 m - a potion of cure mutation {unknown}
 q - 2 potions of ambrosia {unknown}
 w - a potion of agility {unknown}
Books
 c - a book of Changes

   Spells                             Type                      Level
   a - Beastly Appendage              Transmutation                1
   b - Sticks to Snakes               Transmutation                2
   c - Spider Form                    Transmutation/Poison         3
   d - Ice Form                       Ice/Transmutation            4
   e - Blade Hands                    Transmutation                5
Comestibles
 d - 2 bread rations
 j - 2 meat rations
 n - a slice of pizza
 t - a beef jerky
 u - a chunk of flesh


   Skills:
 - Level 1.1 Fighting
 - Level 2.6 Dodging
 - Level 6.2 Unarmed Combat
 - Level 2.0 Spellcasting
 + Level 4.8 Transmutations
 + Level 1.3 Ice Magic


You had 2 spell levels left.
You knew the following spells:

 Your Spells              Type           Power        Failure   Level  Hunger
a - Beastly Appendage     Trmt           ##....       3%          1    ##.....
b - Sticks to Snakes      Trmt           ##......     6%          2    ###....
c - Ice Form              Ice/Trmt       ##......     71%         4    #####..


Dungeon Overview and Level Annotations

Branches:
Dungeon (3/15)

Altars:
Ashenzari
Elyvilon
Sif Muna
The Shining One


Message History

The gnoll hits you with a club!
You take 8 damage, and have 32/43 hp.
You hit the gnoll but do no damage.
The gnoll is severely wounded.
The gnoll hits you but does no damage.
You hit the gnoll.
The gnoll is almost dead.
The gnoll barely misses you.
You barely miss the gnoll.
The gnoll is almost dead.
You hit the gnoll.
You kill the gnoll!
No target in view!
Things that are here:
an uncursed club; a bat corpse You butcher the bat corpse.
u - a chunk of flesh
Things that are here:
an uncursed club; a bat skeleton Are you sure you want to abandon this character and quit the game? (Confirm with "yes".)

.....# #.# #.# ###########...#
.....# #.# #.# #.............#
.....# #.# #.# #.#########.###
.....####.###.#####.# #....# #
..........#.........######.#..# #
........###.#.#...............# #
#.#'#...# #.#...#.............###
#.#.#...# #.#.#'#.#...###.....#..
#.#.#...###.##..@.......#.....#..
#.#....)................#....##..
..........#.##..........#.....'..
###..####>#.##..........'..####..
'.........#.............##.#...#.
##############......)...##.#.#.#.
........................##.#.#.#.
.############...........##.#.#.#.
.#..........#.#'#..#.#####'#'#.#.


There were no monsters in sight!

Vanquished Creatures
  A hound (D:3)
  An orc wizard (D:2)
  Robin (D:3)
  3 gnolls
  5 adders
  2 worms (D:2)
  3 giant geckos
  2 orcs (D:2)
  6 bats
  5 giant cockroaches
  16 goblins
  10 hobgoblins
  5 jackals (D:2)
  A quokka (D:2)
  A ball python (D:1)
  2 giant newts (D:1)
  7 kobolds
  6 rats
77 creatures vanquished.

Vanquished Creatures (collateral kills)
  Terence (D:3)
1 creature vanquished.

Grand Total: 78 creatures vanquished

Notes
Turn   | Place    | Note
--------------------------------------------------------------
     0 | D:1      | Scytalen the Merfolk Transmuter began the quest for the Orb.
     0 | D:1      | Reached XP level 1. HP: 15/15 MP: 3/3
   230 | D:1      | Reached XP level 2. HP: 18/21 MP: 3/5
   261 | D:1      | Reached skill level 4 in Unarmed Combat
  1034 | D:1      | Reached XP level 3. HP: 26/26 MP: 4/6
  1189 | D:2      | Found a faded altar to an unknown god.
  1228 | D:2      | Became a worshipper of Ashenzari the Shackled
  1228 | D:2      | Reached * piety under Ashenzari
  1694 | D:2      | Found a glowing golden altar of the Shining One.
  2023 | D:2      | Reached skill level 5 in Unarmed Combat
  2412 | D:1      | Reached XP level 4. HP: 20/32 MP: 4/7
  3223 | D:2      | Found a deep blue altar of Sif Muna.
  3307 | D:3      | Noticed Robin
  3853 | D:3      | Reached skill level 6 in Unarmed Combat
  3853 | D:3      | Reached XP level 5. HP: 25/37 MP: 5/8
  3894 | D:2      | Learned a level 2 spell: Sticks to Snakes
  3899 | D:2      | Learned a level 4 spell: Ice Form
  4037 | D:3      | Found a white marble altar of Elyvilon.
  4192 | D:3      | Noticed Terence
  4200 | D:3      | Killed Terence
  4293 | D:3      | Killed Robin
  4461 | D:2      | Reached XP level 6. HP: 19/43 MP: 9/9
  4656 | D:2      | Reached skill level 1 in Ice Magic
  4900 | D:2      | Quit the game

Vault maps used:
D:1:      dpeg_arrival_rhombi
D:2:      overflow_temple_1_default, ecumenical_altar_1,
          nicolae_tso_carved_into_rock
D:3:      lemuel_crystal_altar, lemuel_doored_altar, first_bread, uniq_terence,
          uniq_natasha, uniq_sigmund, uniq_robin

Action                   |  1- 3 |  4- 6 || total
-------------------------+-------+-------++-------
Melee: Unarmed           |   107 |   145 ||   252
 Fire: Hunting sling     |    51 |     9 ||    60
Throw: Stone             |    31 |    37 ||    68
       Throwing net      |       |     1 ||     1
 Cast: Beastly Appendage |    23 |    17 ||    40
       Sticks to Snakes  |       |     4 ||     4
  Use: Scroll            |       |     1 ||     1
  Eat: Chunk             |     5 |     9 ||    14
